cohdb
Replays
Latest Replays
All Replays
Popular Replays
Top Player Replays
Match Explorer
How It Works
Community
CoH3 Stats
Reddit
Sign in to upload your games and track your stats! →
Sign in with Steam
Match 43783697
Unlisted
Match 43783697
Overview
Messages
Build Orders
End
Panzerpioneer Squad
Panzerpioneer Squad
Selects Armored Support Battlegroup
Panzergrenadier Squad
Panzerpioneer Squad
Panzergrenadier Squad
Construct Light Support Kompanie
Fire Support Elements
Selects Superior Fire Drills
Flakvierling Half-track
Construct Mechanized Kompanie
Selects Flammpanzer III Medium Tank
Flammpanzer III Medium Tank
StuG III D Assault Gun
Flammpanzer III Medium Tank
Flammpanzer III Medium Tank
Tungsten Core Ammunition
Vehicle Survival Package
Selects Command Panzer IV F Medium Tank
Captain Winters
Cyber Strategic Hans Landa BOB
Oncle-Hô
Berry.Black
sarex
北洋水师
V3ctor
amfriendly
0
0
Comments
sign in to comment!
No comments posted yet!